 Dungeon Crawl Stone Soup version 0.26.1-11-gd32895ea62 (webtiles) character file.

Game seed: 739109162551208227

9187 jlumianski the Thaumaturge (level 11, -4/86 HPs)
             Began as a Gnoll Warper on July 9, 2021.
             Was a Priest of Qazlal.
             Killed by divine providence
             ... invoked by an orc priest
              (10 damage)
             ... on level 9 of the Dungeon on July 10, 2021.
             The game lasted 01:04:02 (11284 turns).

jlumianski the Thaumaturge (Gnoll Warper)          Turns: 11284, Time: 01:04:02

Health: -4/86      AC: 15    Str: 13    XL:     11   Next: 42%
Magic:  11/23      EV: 15    Int: 20    God:    Qazlal [***...]
Gold:   482        SH:  3    Dex: 14    Spells: 21/26 levels left

rFire    . . .     SeeInvis +   v - +6 hand axe
rCold    . . .     Faith    .   (no shield)
rNeg     . . .     Spirit   .   f - +0 ring mail
rPois    .         Reflect  .   r - +1 helmet (curse)
rElec    .         Harm     .   J - +1 cloak {rCorr}
rCorr    +         Rampage  .   k - +2 pair of gloves {archery}
Will     .....                  P - +0 pair of boots
Stlth    ++........             (no amulet)
HPRegen  0.24/turn              g - ring of see invisible
MPRegen  0.18/turn              (no ring)

@: slowed, very slow
A: distributed training, fangs 1, strong nose
a: Renounce Religion, Upheaval, Elemental Force


You were on level 9 of the Dungeon.
You worshipped Qazlal.
Qazlal was most pleased with you.
You visited 1 branch of the dungeon, and saw 9 of its levels.
You also visited: Bailey.

You collected 624 gold pieces.
You spent 142 gold pieces at shops.

Inventory:

Hand Weapons
 a - a +0 hand axe
 s - a +0 shortbow
 v - a +6 hand axe (weapon)
 w - a +2 short sword of speed
 z - a +2 quarterstaff of chaos
 K - a +0 longbow
 R - a +2 hunting sling of freezing
 T - a +0 vorpal hand axe
Missiles
 c - 258 stones
 e - 5 boomerangs of dispersal
 j - 148 arrows
 o - 11 boomerangs (quivered)
 x - 81 sling bullets
 y - 6 javelins
 F - 54 bolts
 H - 19 poisoned darts
 I - 3 atropa-tipped darts
Armour
 b - a +0 leather armour
 f - a +0 ring mail (worn)
 k - a +2 pair of gloves of archery (worn)
 r - a cursed +1 helmet (worn)
 D - a +0 cloak
 J - a +1 cloak of preservation (worn)
 P - a +0 pair of boots (worn)
Magical Staves
 N - an uncursed staff of air
Jewellery
 g - a ring of see invisible (left hand)
Wands
 m - a wand of enslavement (3)
 E - a wand of digging (5)
Scrolls
 d - a scroll of blinking
 h - 11 scrolls of remove curse
 p - 2 scrolls of amnesia
 t - a scroll of magic mapping
 u - a scroll of fear
 C - 5 scrolls of identify
 M - 2 scrolls of teleportation
 S - 9 scrolls of enchant weapon
 V - a scroll of acquirement {unknown}
Potions
 i - 2 potions of brilliance
 l - a potion of degeneration
 n - 2 potions of might
 q - a potion of flight {unknown}
 A - a potion of lignification
 B - a potion of ambrosia {unknown}
 G - a potion of berserk rage {unknown}
 L - a potion of resistance {unknown}
 O - 2 potions of haste
 Q - 2 potions of curing
 U - a potion of heal wounds


   Skills:
 + Level 7.9 Fighting
 + Level 6.3 Short Blades
 + Level 6.3 Long Blades
 + Level 7.9 Axes
 + Level 6.3 Maces & Flails
 + Level 6.3 Polearms
 + Level 6.3 Staves
 + Level 6.3 Slings
 + Level 6.3 Bows
 + Level 6.3 Crossbows
 + Level 6.8 Throwing
 + Level 6.8 Armour
 + Level 7.9 Dodging
 + Level 6.3 Stealth
 + Level 6.3 Shields
 + Level 6.3 Unarmed Combat
 + Level 8.1 Spellcasting
 + Level 5.2 Conjurations
 + Level 5.2 Hexes
 + Level 5.2 Summonings
 + Level 5.2 Necromancy
 + Level 7.6 Translocations
 + Level 5.2 Transmutations
 + Level 5.2 Fire Magic
 + Level 5.2 Ice Magic
 + Level 5.2 Air Magic
 + Level 5.2 Earth Magic
 + Level 5.2 Poison Magic
 + Level 6.9 Invocations
 + Level 6.3 Evocations


You had 21 spell levels left.
You knew the following spells:

 Your Spells              Type           Power        Failure   Level
a - Blink                 Tloc           N/A          1%          2
b - Gell's Gravitas       Tloc           19%          1%          3

Your spell library contained the following spells:

 Spells                   Type           Power        Failure   Level
 Lesser Beckoning         Tloc           19%          1%          3
 Teleport Other           Tloc           38%          1%          3
 Confusing Touch          Hex            29%          5%          3
 Passage of Golubria      Tloc           N/A          7%          4
 Petrify                  Tmut/Erth      29%          19%         4
 Metabolic Englaciation   Hex/Ice        14%          45%         5
 Yara's Violent Unravell  Hex/Tmut       14%          45%         5


Dungeon Overview and Level Annotations

Branches:
Dungeon (9/15)             Temple (0/1) D:7          Bailey (visited)
   Lair: D:8-11         Orc: D:9-12

Altars:
Elyvilon
Hepliaklqana
Kikubaaqudgha
Qazlal
Sif Muna
Wu Jian
Xom
The Shining One

Shops:
D:5 *


Innate Abilities, Weirdness & Mutations

Your experience applies equally to all skills.
You have very sharp teeth.
Your uncanny sense of smell can sniff out nearby items.


Message History

The gargoyle hits you with a +0 morningstar.
Casting: Gell's Gravitas (safe; 1% risk of failure)
Confirm with . or Enter, or press ? or * to list all spells.
Aiming: Gell's Gravitas (safe; 1% risk of failure)
Press: ? - help, Dir - move target, f - ogre
Aim: an ogre, wielding a +0 giant spiked club (moderately wounded) Gravity reorients around the ogre.
The sky beast collides with the ogre!
The gargoyle collides with the ogre!
The orc priest collides with the ogre!
The scorpion collides with the gargoyle!
The orc priest zaps a wand.
Some rock shatters into small pieces.
The scorpion stings you. The wraith closely misses you.
The ogre hits you with a +0 giant spiked club!!
* * * LOW HITPOINT WARNING * * *
You block the gargoyle's attack. You block the scorpion's attack.
Casting: Gell's Gravitas (safe; 1% risk of failure)
Confirm with . or Enter, or press ? or * to list all spells.
You blink.
The orc priest calls down the wrath of Beogh upon you.
Beogh smites you!
You die...

#.**#.# #.......#
*************.###.#*****#.......#
,,,,,>,,,,,,,......,,,,....#.>.>#
*************#.##.#***########..#
#.##.# #... #### #.##.# #.#.
...###########..#.# #.#.
##.....<..<....☼#.### #.##
##############.@...# #.# ###...#
#.# ###.W## # #.# #...#.# #.#
###9oO#*****,* #....sY..#,,,,,,**
######).....#**,,, ##.(.....**,,
*..(.)..,*,,


You could see a wraith, a gargoyle, an ogre and an orc priest.

Vanquished Creatures
  Gastronok (D:9)
  Pikel (D:5)
  3 orc knights (Bailey)
  Joseph (D:9)
  A wyvern (D:8)
  A steam dragon (D:9)
  A basilisk (D:8)
  Menkaure (D:4)
  3 water moccasins (D:8)
  10 orc warriors
  A sky beast (D:6)
  An ice beast (D:7)
  An ogre (D:7)
  4 centaurs
  4 lemures (D:5)
  2 big kobolds
  Blork the orc (D:5)
  6 bullfrogs
  A water moccasin zombie (D:5)
  3 scorpions
  10 wights
  5 howler monkeys
  2 quasits (D:5)
  2 centaur zombies
  3 orc priests
  2 hounds
  3 jellies
  Crazy Yiuf (D:5)
  8 orc wizards
  A bullfrog skeleton (D:8)
  2 centaur skeletons
  4 worker ants
  A hound zombie (D:9)
  7 gnolls
  15 adders
  2 white imps
  3 ufetubi
  An ooze (D:3)
  A worm (D:2)
  4 dart slugs
  3 leopard geckos
  47 orcs
  5 giant cockroaches
  8 goblins
  6 hobgoblins
  11 jackals
  14 kobolds
  7 quokkas
  A ball python (D:3)
  9 bats
  3 frilled lizards
  A jackal zombie (D:5)
  A leopard gecko skeleton (D:4)
  10 rats
250 creatures vanquished.

Vanquished Creatures (collateral kills)
  2 orc knights (Bailey)
  An orc warrior (Bailey)
  An orc (Bailey)
4 creatures vanquished.

Vanquished Creatures (others)
  A howler monkey (D:8)
  2 bushes (D:8)
  3 fungi (D:8)
  18 plants (D:8)
24 creatures vanquished.

Grand Total: 278 creatures vanquished

Notes
Turn   | Place    | Note
-------+----------+-------------------------------------------
     0 | D:1      | jlumianski the Gnoll Warper began the quest for the Orb.
     0 | D:1      | Reached XP level 1. HP: 20/20 MP: 6/6
    57 | D:1      | Reached XP level 2. HP: 17/26 MP: 7/7
   303 | D:2      | Learned a level 2 spell: Blink
   399 | D:1      | Reached XP level 3. HP: 31/31 MP: 9/9
   403 | D:1      | Learned a level 3 spell: Gell's Gravitas
   435 | D:1      | Reached skill level 5 in Spellcasting
   562 | D:1      | Found an ancient bone altar of Kikubaaqudgha.
  1139 | D:2      | Reached skill level 1 in Invocations
  1216 | D:2      | Found a hazy altar of Hepliaklqana.
  1333 | D:2      | Reached skill level 1 in Short Blades
  1333 | D:2      | Reached skill level 1 in Long Blades
  1333 | D:2      | Reached skill level 1 in Maces & Flails
  1333 | D:2      | Reached skill level 1 in Polearms
  1333 | D:2      | Reached skill level 1 in Staves
  1333 | D:2      | Reached skill level 1 in Slings
  1333 | D:2      | Reached skill level 1 in Bows
  1333 | D:2      | Reached skill level 1 in Crossbows
  1333 | D:2      | Reached skill level 1 in Stealth
  1333 | D:2      | Reached skill level 1 in Shields
  1333 | D:2      | Reached skill level 1 in Unarmed Combat
  1333 | D:2      | Reached skill level 1 in Evocations
  1492 | D:2      | Reached XP level 4. HP: 34/38 MP: 11/11
  2338 | D:2      | Reached skill level 1 in Conjurations
  2338 | D:2      | Reached skill level 1 in Hexes
  2338 | D:2      | Reached skill level 1 in Summonings
  2338 | D:2      | Reached skill level 1 in Necromancy
  2338 | D:2      | Reached skill level 1 in Transmutations
  2338 | D:2      | Reached skill level 1 in Fire Magic
  2338 | D:2      | Reached skill level 1 in Ice Magic
  2338 | D:2      | Reached skill level 1 in Air Magic
  2338 | D:2      | Reached skill level 1 in Earth Magic
  2338 | D:2      | Reached skill level 1 in Poison Magic
  2490 | D:2      | Reached XP level 5. HP: 24/43 MP: 12/12
  3142 | D:3      | Found a shimmering blue altar of Sif Muna.
  3423 | D:4      | Found an ornate altar of the Wu Jian Council.
  3444 | D:4      | Found a stormy altar of Qazlal.
  3457 | D:4      | Reached XP level 6. HP: 44/50 MP: 13/13
  3471 | D:4      | Became a worshipper of Qazlal Stormbringer
  3567 | D:4      | Noticed Menkaure
  3582 | D:4      | Killed Menkaure
  3583 | D:4      | Reached skill level 5 in Fighting
  3583 | D:4      | Reached skill level 5 in Axes
  3583 | D:4      | Reached skill level 5 in Dodging
  4066 | D:4      | Reached XP level 7. HP: 47/56 MP: 15/15
  4733 | D:5      | Entered Level 5 of the Dungeon
  4795 | D:5      | Found Buapt's Assorted Antiques.
  4809 | D:5      | Bought a pair of embroidered gloves for 142 gold pieces
  4897 | D:5      | Reached * piety under Qazlal
  4997 | D:5      | Found a runed translucent door.
  4998 | D:5      | Noticed Crazy Yiuf
  5316 | D:5      | Reached XP level 8. HP: 32/63 MP: 16/16
  5508 | D:5      | Noticed Pikel
  5785 | D:5      | Killed Pikel
  5786 | D:5      | Reached skill level 6 in Spellcasting
  6273 | D:5      | Noticed Blork the orc
  6280 | D:5      | Killed Blork the orc
  6594 | D:5      | Reached XP level 9. HP: 63/69 MP: 18/18
  6751 | D:5      | Killed Crazy Yiuf
  7342 | D:6      | Found a shimmering altar of Xom.
  7514 | D:7      | Found a staircase to the Ecumenical Temple.
  7576 | D:7      | Found a white marble altar of Elyvilon.
  7589 | D:7      | Reached skill level 5 in Throwing
  7589 | D:7      | Reached skill level 5 in Armour
  7700 | D:7      | Reached ** piety under Qazlal
  8095 | D:7      | Found a glowing golden altar of the Shining One.
  8257 | D:8      | Reached skill level 5 in Invocations
  8557 | D:8      | Reached skill level 7 in Spellcasting
  8573 | D:8      | Reached XP level 10. HP: 49/77 MP: 20/20
  8804 | D:8      | Noticed a manticore
  8810 | D:8      | Reached skill level 5 in Short Blades
  8810 | D:8      | Reached skill level 5 in Long Blades
  8810 | D:8      | Reached skill level 5 in Maces & Flails
  8810 | D:8      | Reached skill level 5 in Polearms
  8810 | D:8      | Reached skill level 5 in Staves
  8810 | D:8      | Reached skill level 5 in Slings
  8810 | D:8      | Reached skill level 5 in Bows
  8810 | D:8      | Reached skill level 5 in Crossbows
  8810 | D:8      | Reached skill level 5 in Stealth
  8810 | D:8      | Reached skill level 5 in Shields
  8810 | D:8      | Reached skill level 5 in Unarmed Combat
  8810 | D:8      | Reached skill level 5 in Evocations
  9499 | D:9      | Noticed Joseph
  9527 | D:9      | Killed Joseph
  9565 | D:9      | Found a flagged portal.
  9574 | Bailey   | Entered a bailey
  9848 | Bailey   | Reached *** piety under Qazlal
 10034 | Bailey   | Noticed an orc knight
 10058 | Bailey   | Killed an orc knight
 10087 | Bailey   | Noticed an orc knight
 10099 | Bailey   | Killed an orc knight
 10157 | Bailey   | Noticed an orc knight
 10172 | Bailey   | Killed an orc knight
 10577 | Bailey   | Reached XP level 11. HP: 84/84 MP: 22/22
 10610 | Bailey   | Noticed an orc knight
 10612 | Bailey   | Noticed an orc knight
 10625 | Bailey   | Killed an orc knight
 10627 | Bailey   | Killed an orc knight
 11006 | D:9      | Noticed Gastronok
 11029 | D:9      | Killed Gastronok
 11030 | D:9      | Reached skill level 8 in Spellcasting
 11030 | D:9      | Reached skill level 5 in Conjurations
 11030 | D:9      | Reached skill level 5 in Hexes
 11030 | D:9      | Reached skill level 5 in Summonings
 11030 | D:9      | Reached skill level 5 in Necromancy
 11030 | D:9      | Reached skill level 5 in Transmutations
 11030 | D:9      | Reached skill level 5 in Fire Magic
 11030 | D:9      | Reached skill level 5 in Ice Magic
 11030 | D:9      | Reached skill level 5 in Air Magic
 11030 | D:9      | Reached skill level 5 in Earth Magic
 11030 | D:9      | Reached skill level 5 in Poison Magic
 11284 | D:9      | Killed from afar by an orc priest

Illustrated notes

Levels and vault maps discovered:
D:1:      mrwooster_arrival_statue, layout_loops_ring, kennysheep_flooded_box,
          item_on_display_a
D:2:      minmay_door_path, layout_basic, old_standard_altar, hex_medium
D:3:      layout_loops_ring, led_sif_pool
D:4:      layout_loops_cross, grunt_temple_overflow_open, uniq_menkaure
D:5:      minmay_thick_lines, layout_basic, serial_shops,
          nicolae_shop_overgrown_old_shop, uniq_pikel, uniq_crazy_yiuf_cottage,
          uniq_blork_the_orc
D:6:      layout_cave_pools, general_overflow_altar, st_stairs_7
D:7:      layout_basic, kennysheep_mini_moat, elyvilon_altar_5,
          minmay_temple_entry_trees, minmay_misc_feat_encased,
          skrybe_limestone_x
D:8:      layout_gridville, minmay_lair_entry_grove, minmay_checkerbox
D:9:      layout_rooms, enter_bailey_5, minmay_bent, uniq_joseph, uniq_gastronok

Skill      XL: |  1  2  3  4  5  6  7  8  9 10 11 |
---------------+----------------------------------+-----
Spellcasting   | 5 6 7 8 |  8.1
Invocations    | 1 2 3 4 5 6 |  6.9
Short Blades   | 1 2 3 4 5 6 |  6.3
Long Blades    | 1 2 3 4 5 6 |  6.3
Maces & Flails | 1 2 3 4 5 6 |  6.3
Polearms       | 1 2 3 4 5 6 |  6.3
Staves         | 1 2 3 4 5 6 |  6.3
Slings         | 1 2 3 4 5 6 |  6.3
Bows           | 1 2 3 4 5 6 |  6.3
Crossbows      | 1 2 3 4 5 6 |  6.3
Stealth        | 1 2 3 4 5 6 |  6.3
Shields        | 1 2 3 4 5 6 |  6.3
Unarmed Combat | 1 2 3 4 5 6 |  6.3
Evocations     | 1 2 3 4 5 6 |  6.3
Conjurations   | 1 2 3 4 5 |  5.2
Hexes          | 1 2 3 4 5 |  5.2
Summonings     | 1 2 3 4 5 |  5.2
Necromancy     | 1 2 3 4 5 |  5.2
Transmutations | 1 2 3 4 5 |  5.2
Fire Magic     | 1 2 3 4 5 |  5.2
Ice Magic      | 1 2 3 4 5 |  5.2
Air Magic      | 1 2 3 4 5 |  5.2
Earth Magic    | 1 2 3 4 5 |  5.2
Poison Magic   | 1 2 3 4 5 |  5.2
Throwing       | 3 4 5 6 |  6.8
Armour         | 3 4 5 6 |  6.8
Fighting       | 5 6 7 |  7.9
Axes           | 5 6 7 |  7.9
Dodging        | 5 6 7 |  7.9
Translocations | 6 7 |  7.6

Action                   |  1- 3 |  4- 6 |  7- 9 | 10-12 || total
-------------------------+-------+-------+-------+-------++-------
Melee: Hand axe          |   108 |   126 |   244 |   134 ||   612
       Bite              |     7 |    14 |    28 |    15 ||    64
       Punch             |       |     2 |     4 |     2 ||     8
 Fire: Shortbow          |       |       |    16 |       ||    16
       Longbow           |       |       |    54 |   131 ||   185
Throw: Stone             |     4 |     9 |       |       ||    13
       Javelin           |       |    10 |    21 |       ||    31
       Boomerang         |       |       |     7 |     3 ||    10
 Cast: Blink             |     2 |     5 |    22 |    27 ||    56
       Gell's Gravitas   |     2 |     1 |     4 |    23 ||    30
Invok: Upheaval          |       |       |     1 |     8 ||     9
  Use: Scroll            |     1 |       |    13 |     3 ||    17
       Potion            |       |     2 |     3 |     2 ||     7
 Stab: Sleeping          |     1 |     1 |       |       ||     2
Armor: Leather armour    |     6 |       |       |       ||     6
       Ring mail         |    35 |    48 |   123 |    75 ||   281
Dodge: Dodged            |    77 |    97 |   202 |   125 ||   501
Block: Other             |       |       |    12 |    24 ||    36
